 Dungeon Crawl Stone Soup version 0.18.1-50-g88ac8fd (console) character file.

485 Kloppie the Skirmisher (level 7, -8/70 HPs)
             Began as a Gargoyle Berserker on Oct 1, 2016.
             Was a Believer of Trog.
             Mangled by an orc warrior
             ... wielding a +0 glaive
              (19 damage)
             ... on level 4 of the Dungeon.
             The game lasted 00:07:58 (2342 turns).

Kloppie the Skirmisher (Gargoyle Berserker)         Turns: 2342, Time: 00:07:58

Health: -8/70      AC: 14    Str: 25    XL:     7   Next: 13%
Magic:  7/7        EV: 10    Int:  8    God:    Trog [**....]
Gold:   25         SH:  0    Dex: 11    Spells: 0 memorised, 6 levels left

rFire  . . .     SeeInvis .     a - +0 mace
rCold  . . .     Gourm    .     D - +0 scale mail
rNeg   + . .     Faith    +     (no shield)
rPois  ∞         Spirit   .     C - +1 hat
rElec  +         Dismiss  .     (no cloak)
rCorr  .         Reflect  .     (no gloves)
SustAt .         Harm     .     A - +1 pair of boots
MR     ++...                    d - amulet of faith
Stlth  ..........               (no ring)
                                n - ring of stealth

@: berserking (expiring), regenerating, drained, very quick, very resistant to
hostile enchantments, extremely unstealthy
A: negative energy resistance 1, electricity resistance, unbreathing,
petrification resistance, rot immunity, AC +4
a: Berserk, Trog's Hand, Burn Spellbooks, Renounce Religion


You were on level 4 of the Dungeon.
You worshipped Trog.
Trog was pleased with you.
You were not hungry.

You visited 1 branch of the dungeon, and saw 4 of its levels.

You collected 157 gold pieces.
You spent 132 gold pieces at shops.

Inventory:

Hand Weapons
 a - a +0 mace (weapon)
 y - a +0 flail
 B - a +0 morningstar
Armour
 A - a +1 pair of boots (worn)
 C - a +1 hat (worn)
 D - a +0 scale mail (worn)
Jewellery
 d - an amulet of faith (around neck)
 n - a ring of stealth (left hand)
Scrolls
 b - a scroll of immolation {unknown}
 e - 2 scrolls of random uselessness
 h - 2 scrolls of amnesia
 v - a scroll of magic mapping
 w - a scroll of remove curse
Potions
 g - a potion of flight
 i - a potion of curing
 l - a potion of heal wounds {unknown}
 t - 2 potions of resistance {unknown}
 x - a potion of cure mutation {unknown}
 z - a potion of mutation {unknown}
Books
 u - a book of Annihilations

   Spells                             Type                      Level
   a - Poison Arrow                   Conjuration/Poison           6
   b - Chain Lightning                Conjuration/Air              8
   c - Lehudib's Crystal Spear        Conjuration/Earth            8
   d - Glaciate                       Conjuration/Ice              9
   e - Fire Storm                     Conjuration/Fire             9
   Trog disapproves of the use of such an item.
Comestibles
 c - 2 bread rations
 f - a beef jerky
 p - 2 meat rations
 s - 8 fruits


   Skills:
 + Level 6.5(5.4) Fighting
 + Level 5.9(4.9) Maces & Flails
 - Level 2.1(1.2) Armour
 - Level 1.5(0.6) Dodging


You had 6 spell levels left.
You didn't know any spells.

Dungeon Overview and Level Annotations

Branches:
Dungeon (4/15)
 Temple: D:4-7

Altars:
Pakellas

Shops:
D:4 [


Innate Abilities, Weirdness & Mutations

You are resistant to torment.
Your stone body is resilient (AC +4).
You are immune to poison.
You resist negative energy.
You are resistant to electric shocks.
You can survive without breathing.
You are immune to petrification.
You are immune to rotting.


Message History

You see here a dagger.
You sock the orc warrior!
The orc warrior is heavily wounded.
The orc warrior closely misses you.
You closely miss the orc warrior.
The orc warrior is heavily wounded.
You feel the effects of Trog's Hand fading.
You hit the orc warrior but do no damage.
The orc warrior is heavily wounded.
The orc warrior hits you with a glaive.
* * * LOW HITPOINT WARNING * * *
You thump the orc warrior!
The orc warrior is almost dead.
The orc warrior misses you.
You barely miss the orc warrior.
The orc warrior is almost dead.
You closely miss the orc warrior.
The orc warrior is almost dead.
The orc warrior hits you with a glaive!!
You die...

.......#.# ....>..#.#
####...#.# ...+...#.#
.###...#.# .###...#.#
....####.#
.#######.###############**
...............?@ooo....,*
########.#############.#**
,,,,,,...# *,* *****#####
*,* * *,* * *,* # *,* #
*,* ### *,*


You could see an orc warrior, an orc wizard and an orc.

Vanquished Creatures
  5 orc wizards
  3 orc priests (D:4)
  An iguana (D:4)
  Ijyb (D:2)
  A worker ant (D:4)
  5 adders
  4 gnolls (D:3)
  6 worms
  2 dart slugs
  2 giant geckos
  8 orcs
  2 ball pythons
  8 bats
  4 giant cockroaches
  9 goblins
  8 hobgoblins
  2 jackals (D:4)
  3 quokkas
  3 giant newts
  11 kobolds
  2 rats (D:1)
90 creatures vanquished.

Notes
Turn   | Place    | Note
--------------------------------------------------------------
     0 | D:1      | Kloppie the Gargoyle Berserker began the quest for the Orb.
     0 | D:1      | Reached XP level 1. HP: 14/14 MP: 1/1
    57 | D:1      | Reached XP level 2. HP: 10/19 MP: 2/2
   399 | D:1      | Reached ** piety under Trog
   399 | D:1      | Reached XP level 3. HP: 24/24 MP: 3/3
   555 | D:2      | Noticed Ijyb
   571 | D:2      | Killed Ijyb
   571 | D:2      | Reached skill level 4 in Fighting
   640 | D:2      | Reached XP level 4. HP: 17/29 MP: 4/4
  1029 | D:2      | Found an oddly glowing altar of Pakellas.
  1275 | D:3      | Reached skill level 5 in Fighting
  1275 | D:3      | Reached XP level 5. HP: 35/35 MP: 5/5
  1329 | D:3      | Reached *** piety under Trog
  1629 | D:3      | Reached skill level 5 in Maces & Flails
  1677 | D:3      | Reached XP level 6. HP: 34/40 MP: 6/6
  1906 | D:4      | Reached skill level 6 in Fighting
  2125 | D:4      | Found Woupeipn's Antique Armour Shop.
  2133 | D:4      | Bought an embroidered hat for 132 gold pieces
  2190 | D:4      | Reached XP level 7. HP: 47/47 MP: 7/7
  2342 | D:4      | Mangled by an orc warrior

Skill      XL: |  1  2  3  4  5  6 |
---------------+-------------------+-----
Fighting       | 4 5 6 |  6.5
Maces & Flails | 4 5 |  5.9
Armour         | |  2.1
Dodging        | |  1.5

Action                   |  1- 3 |  4- 6 |  7- 9 || total
-------------------------+-------+-------+-------++-------
Melee: Mace              |   109 |   254 |    16 ||   379
Invok: Berserk           |     1 |     3 |     1 ||     5
       Trog's Hand       |       |     2 |     1 ||     3
  Use: Scroll            |       |       |     7 ||     7
  Eat: Chunk             |       |     8 |     2 ||    10
Armor: Animal skin       |    22 |       |       ||    22
       Ring mail         |    40 |   135 |       ||   175
       Scale mail        |       |       |     5 ||     5
Dodge: Dodged            |    80 |   139 |     5 ||   224
